 Dungeon Crawl Stone Soup version 0.31.0-32-g396128a36d (webtiles) character file.

Game seed: 5905438040230830063

4747 Cheops the Mimic (level 10, -2/58 HPs)
             Began as an Octopode Shapeshifter on Mar 23, 2024.
             Was a Follower of Wu Jian.
             Slain by an orc priest
             ... wielding a +0 flail
              (8 damage)
             ... on level 9 of the Dungeon.
             The game lasted 00:24:15 (10198 turns).

Cheops the Mimic (Octopode Shapeshifter)           Turns: 10198, Time: 00:24:15

Health: -2/58      AC:  5    Str: 22    XL:     10   Next: 46%
Magic:  13/13      EV: 17    Int: 12    God:    Wu Jian [*.....]
Gold:   533        SH:  0    Dex: 10    Spells: 5/13 levels left

rFire   . .          .
                       - Unarmed
rCold   . . .        (shield currently unavailable)
rNeg    . . .        (helmet restricted)
rPois   .            (no amulet)
rElec   .            w - +4 ring of protection
rCorr   .            (no ring)
SInv    .            (no ring)
Will    .....        (no ring)
Stlth   +            (no ring)
HPRegen 0.29/turn    (no ring)
MPRegen 0.13/turn    (no ring)
                     (no ring)

%: no passive effects
@: flux-form, attractive, glowing
A: glow, contaminating, almost no armour, amphibious, 8 rings, camouflage 1,
gelatinous body 1, (nimble swimmer 1), tentacles, strong 1, MP-powered wands
a: Begin Untransformation, Renounce Religion


You were on level 9 of the Dungeon.
You worshipped Wu Jian.
Wu Jian was aware of your devotion.
You were something dangerously unstable.
You visited 2 branches of the dungeon, and saw 10 of its levels.
You also visited: Sewer and Ossuary.

You collected 533 gold pieces.

Inventory:

Jewellery
 w - a +4 ring of protection (left tentacle)
Talismans
 b - a beast talisman
 c - a flux talisman (active)
 d - a maw talisman
 e - a blade talisman
 E - a maw talisman
Wands
 k - a wand of mindburst (5)
 r - a wand of acid (12)
 u - a wand of flame (29)
 H - a wand of roots (6)
Scrolls
 g - a scroll of immolation
 i - 4 scrolls of fear
 o - a scroll of noise {unknown}
 q - 2 scrolls of enchant weapon
 v - a scroll of torment
 y - a scroll of revelation
 A - 2 scrolls of poison
 B - 5 scrolls of vulnerability {unknown}
Potions
 a - a potion of lignification
 j - 5 potions of attraction
 l - a potion of curing {unknown}
 m - a potion of experience {unknown}
 n - 2 potions of invisibility {unknown}
 s - a potion of might {unknown}
 t - a potion of cancellation {unknown}
 x - 2 potions of enlightenment {unknown}
 z - 3 potions of haste {unknown}
 C - a potion of berserk rage {unknown}
 D - 2 potions of brilliance {unknown}
 F - 3 potions of heal wounds {unknown}
 G - a potion of resistance {unknown}


   Skills:
 - Level 1.0 Fighting
 - Level 2.0 Dodging
 - Level 9.0 Unarmed Combat
 - Level 2.0 Spellcasting
 - Level 6.0 Conjurations
 - Level 4.0 Earth Magic
 + Level 9.5 Shapeshifting


You had 5 spell levels left.
You knew the following spells:

 Your Spells              Type           Power      Damage    Failure   Level
a - Magic Dart            Conj           60%        1d6       2%          1
b - Sandblast             Erth           20%        2d7       5%          1
c - Stone Arrow           Conj/Erth      26%        3d8       11%         3
p - Passwall              Erth           10%        N/A       16%         3

Your spell library contained the following spells:

 Spells                   Type           Power      Damage    Failure   Level
 Apportation              Tloc           2%         N/A       26%         1
 Brom's Barrelling Bould  Conj/Erth      13%        2d4       34%         4
 Blink                    Tloc           2%         N/A       38%         2
 Call Imp                 Summ           2%         N/A       38%         2
 Ensorcelled Hibernation  Hex/Ice        2%         N/A       38%         2
 Jinxbite                 Hex            2%         N/A       38%         2
 Frozen Ramparts          Ice            2%         1d1       63%         3
 Fugue of the Fallen      Necr           1%         N/A       63%         3
 Leda's Liquefaction      Alch/Erth      3%         N/A       75%         4
 Petrify                  Alch/Erth      6%         N/A       75%         4
 Anguish                  Hex/Necr       0%         N/A       95%         4
 Alistair's Intoxication  Alch           0%         N/A       100%        5
 Metabolic Englaciation   Hex/Ice        0%         N/A       100%        5
 Lehudib's Crystal Spear  Conj/Erth      6%         10d3      100%        8
 Animate Armour           Summ/Erth      Unusable   N/A       N/A         4

Dungeon Overview and Level Annotations

Branches:
Dungeon (9/15)             Temple (1/1) D:6             Orc (0/2) D:9
  Sewer (visited)         Ossuary (visited)
   Lair: D:8-11

Altars:
Ashenzari
Dithmenos
Elyvilon
Fedhas
Gozag
Hepliaklqana
Kikubaaqudgha
Makhleb
Nemelex Xobeh
Okawaru
Ru
Uskayaw
Vehumet
Wu Jian
Xom
Yredelemnul
Zin
The Shining One


Innate Abilities, Weirdness & Mutations

You are something dangerously unstable.
You glow with magical radiation, making you easy to see and hit.
Foes you strike become dangerously contaminated with magical radiation.
You are incapable of wielding weapons or throwing items.
You cannot wear most types of armour.
You are amphibious.
You can wear up to eight rings at the same time.
Your skin changes colour to match your surroundings (Stealth+).
Your rubbery body absorbs attacks. (AC +1, EV +1)
((You are camouflaged when in or above water. (Stealth+)))
You have tentacles for arms and can constrict up to eight enemies at once.
Your muscles are strong. (Str +4, Int/Dex -1)
You expend magic power (3 MP) to strengthen your wands.


Message History

A puff of flame appears from out of your range of vision.
The orc hits you with a +0 dagger.
* * * LOW HITPOINT WARNING * * *
Your shadow slips into darkness.
Your shadow flickers and vanishes for a moment.
Your wight hits the orc priest with a +2 short sword of venom.
Your wight drains the orc priest.
The orc priest is poisoned.
You hear a shout!
Unknown command.
Unknown command.
Unknown command.
Unknown command.
What are your orders? t - Shout!
Orders for allies: a - Attack new target. r - Retreat! s - Stop attacking. g - Guard the area. f - Follow me.
Anything else - Cancel.
Gang up on whom?
Press: ? - help, Dir - move target, f - orc priest
Aim: an orc priest, wielding a +0 flail and wearing a +0 ring mail (purple smoke, heavily wounded, very poisoned, heavily drained, ally target) Attack!
Your centaur unwields a +0 orcbow.
Your centaur hits the orc priest but does no damage.
Your centaur barely misses the orc priest.
The orc priest hits your centaur with a +0 flail.
The orc asks, "Who are you?" The orc closely misses your shadow.
Your wight hits the orc with a +0 hand axe.
The orc dies!
The Council accepts your kill.
Your wight hits the orc wizard with a +0 hand axe.
Your wight closely misses the orc priest.
The orc priest is attracted toward you. The orc wizard is attracted toward you.
You bludgeon the orc wizard!
The orc wizard begins to glow.
You grab the orc wizard. You squeeze the orc wizard.
You kill the orc wizard!
The Council accepts your kill.
The orc priest hits you with a +0 flail!
You die...

###. .....
......... ....
..... #........
....
.....##.o......
...#
§.............
....
#....§...o...
...#
.##.§§§§§§§.o..
.##.
.....z§§z§§....
.#
....§ozpoc.....
.K..
##...z§z§§...>.
..h.
#...§§W§§.....
....
.....§.........
.##.
....z.......###
.#
..##.........)
#. ...
#...........
####. .
............
##....#.


You could see an orc priest (very poisoned, very drained, ally target), a
friendly shadow (summoned, invisible), a friendly centaur (summoned), 5 friendly
wights and a friendly orc wizard (summoned).

Vanquished Creatures
  Pikel (D:4)
  Maggie (D:6)
  A hornet (D:7)
  A wyvern (D:8)
  4 yaks (D:9)
  A steam dragon (D:4)
  An orc warrior (D:9)
  A black bear (D:4)
  4 ice beasts
  An ogre (D:4)
  4 centaurs
  A phantom (D:6)
  3 kobold brigands (Sewer)
  2 bullfrogs
  3 scorpions
  3 howler monkeys
  2 vampire bats (D:7)
  4 bombardier beetles
  3 hounds
  4 orc priests
  Ijyb (D:3)
  A gnoll bouda (D:7)
  6 orc wizards
  6 scorpion zombies (Ossuary)
  A sleepcap (D:6)
  3 iguanas
  3 mummies (Ossuary)
  Robin (D:3)
  5 gnolls (D:7)
  3 river rats
  12 adders
  2 shadow imps
  4 white imps
  2 ufetubi (D:6)
  2 adder zombies (Ossuary)
  A dart slug (D:4)
  5 ribbon worms
  24 orcs
  13 ball pythons
  A bat skeleton (D:7)
  4 bat zombies (D:7)
  10 endoplasms
  5 giant cockroaches
  2 gnoll zombies (Ossuary)
  13 goblins
  12 hobgoblins
  11 jackals
  6 quokkas
  7 bats
  6 frilled lizards
  3 jackal zombies (Ossuary)
  7 kobolds
  4 kobold zombies (Ossuary)
  7 rats
  A spectral goblin (D:9)
239 creatures vanquished.

Vanquished Creatures (collateral kills)
  An orc wizard (D:9)
  An orc (D:9)
2 creatures vanquished.

Grand Total: 241 creatures vanquished

Notes
Turn   | Place    | Note
-------+----------+-------------------------------------------
     0 | D:1      | Cheops the Octopode Shapeshifter began the quest for the
                  | Orb.
     0 | D:1      | Reached XP level 1. HP: 13/13 MP: 1/1
   138 | D:1      | Reached XP level 2. HP: 14/18 MP: 2/2
   257 | D:1      | Reached XP level 3. HP: 23/23 MP: 3/3
   863 | D:2      | Reached XP level 4. HP: 20/28 MP: 4/4
  1480 | D:3      | Reached skill level 5 in Unarmed Combat
  1489 | D:3      | Found a glowing silver altar of Zin.
  1536 | D:3      | Noticed Robin
  1552 | D:3      | Killed Robin
  1637 | D:3      | Reached XP level 5. HP: 33/33 MP: 5/5
  1663 | D:3      | Found a glowing drain.
  1677 | Sewer    | Entered a sewer
  2058 | Sewer    | Noticed a kobold brigand
  2069 | Sewer    | Killed a kobold brigand
  2070 | Sewer    | Reached XP level 6. HP: 34/38 MP: 6/6
  2114 | Sewer    | Reached skill level 5 in Shapeshifting
  2740 | D:3      | Noticed Ijyb
  2751 | D:3      | Killed Ijyb
  2752 | D:3      | Reached XP level 7. HP: 11/43 MP: 7/7
  3188 | D:3      | Learned a level 1 spell: Magic Dart
  3342 | D:4      | Noticed Pikel
  3367 | D:4      | Killed Pikel
  3368 | D:4      | Reached XP level 8. HP: 48/48 MP: 7/11
  4588 | D:5      | Entered Level 5 of the Dungeon
  4695 | D:5      | Reached skill level 5 in Conjurations
  5025 | D:5      | Found an opulent altar of Gozag.
  5583 | D:5      | Learned a level 3 spell: Stone Arrow
  5638 | D:6      | Found a sand-covered staircase.
  5653 | D:6      | Reached XP level 9. HP: 44/53 MP: 9/12
  5657 | Ossuary  | Entered an ossuary
  5965 | D:6      | Found a staircase to the Ecumenical Temple.
  5989 | Temple   | Entered the Ecumenical Temple
  6949 | D:6      | Noticed Maggie
  6960 | D:6      | Killed Maggie
  7442 | D:6      | Learned a level 3 spell: Passwall
  7677 | D:7      | Identified the +1 quarterstaff "Jekliwes" {drain, rF++ rN+}
  7710 | D:7      | Found an ornate altar of the Wu Jian Council.
  7859 | D:7      | Became a worshipper of the Wu Jian Council
  8117 | D:7      | Noticed a hornet
  8270 | D:7      | Found an ancient bone altar of Kikubaaqudgha.
  8281 | D:7      | Reached XP level 10. HP: 58/58 MP: 8/13
  8854 | D:7      | Learned a level 1 spell: Sandblast
  8895 | D:8      | Reached * piety under Wu Jian
  9608 | D:8      | Found a glowing golden altar of the Shining One.
 10078 | D:9      | Found a hazy altar of Hepliaklqana.
 10190 | D:9      | Found a staircase to the Orcish Mines.
 10194 | D:9      | Gained mutation: Your muscles are strong. (Str +4, Int/Dex
                  | -1) [potion of mutation]
 10194 | D:9      | Gained mutation: You expend magic power (3 MP) to
                  | strengthen your wands. [potion of mutation]
 10198 | D:9      | Slain by an orc priest

Illustrated notes

Levels and vault maps discovered:
D:1:      co_arrival_square_in_a_square_in_a_square, layout_rooms
D:2:      layout_basic, roderic_lattice_a, minmay_misc_feat_secret_circle,
          minmay_heptomino_o4
D:3:      layout_basic, mainiacjoe_overflow_cross_hatched,
          cheibrodos_sewer_entry_sluice, nicolae_figureground_sparkle,
          uniq_robin, uniq_ijyb
D:4:      layout_basic, uniq_pikel
D:5:      layout_basic, grunt_gozag_statues
D:6:      layout_loops_corners, minmay_temple_entry_steel_oval,
          nicolae_ossuary_entry_ruins, uniq_maggie
D:7:      layout_rooms, kennysheep_vampire_church,
          mainiacjoe_overflow_tiny_flanked, st_stairs_8,
          small_statue_intersection
D:8:      layout_basic, tso_oasis_becter
D:9:      layout_cave_pools, nicolae_hepliaklqana_monster_ancestors, erik_orc_4
Temple:   hellmonk_temple_flake

Skill      XL: |  1  2  3  4  5  6  7  8  9 10 |
---------------+-------------------------------+-----
Unarmed Combat | 4 5 6 9 |  9.0
Shapeshifting  | 4 6 7 9 |  9.5
Spellcasting   | 2 |  2.0
Conjurations   | 3 6 |  6.0
Earth Magic    | 2 4 |  4.0
Fighting       | |  1.0
Dodging        | |  2.0

Action                     |  1- 3 |  4- 6 |  7- 9 | 10-12 || total
---------------------------+-------+-------+-------+-------++-------
  Melee: Unarmed           |    81 |   119 |   227 |    76 ||   503
         Tentacles         |    11 |    21 |    69 |    27 ||   128
         Constrict         |    18 |    24 |    51 |    15 ||   108
         Punch             |     2 |     6 |       |       ||     8
   Cast: Magic Dart        |       |       |   105 |    26 ||   131
         Stone Arrow       |       |       |    29 |     3 ||    32
         Sandblast         |       |       |       |    16 ||    16
Ability: Begin Untransform |     1 |       |       |       ||     1
         Lunge             |       |       |     3 |       ||     3
  Evoke: Wand              |       |       |     6 |     2 ||     8
    Use: Scroll            |       |     4 |     6 |     5 ||    15
         Potion            |       |       |     1 |     2 ||     3
   Stab: Sleeping          |     3 |    14 |     1 |       ||    18
         Distracted        |       |     1 |       |       ||     1
 Armour: Skin              |    26 |    38 |   107 |    30 ||   201
  Dodge: Dodged            |    39 |    59 |   170 |    65 ||   333
   Form: Beast             |     1 |       |       |       ||     1
         Flux              |       |       |     1 |       ||     1
